 Dungeon Crawl Stone Soup version 0.28-a0-595-g9f6c0e134a (webtiles) character file.

Game seed: 18226884649255334078

1863 funkygono the Firebug (level 9, 0/47 HPs)
             Began as a Gargoyle Fire Elementalist on Oct 5, 2021.
             Was a Follower of Vehumet.
             Slain by Maggie (9 damage)
             ... on level 7 of the Dungeon.
             The game lasted 00:14:38 (7785 turns).

funkygono the Firebug (Gargoyle Fire Elementalist)  Turns: 7785, Time: 00:14:40

Health: 0/47       AC: 11    Str: 12    XL:     9   Next: 13%
Magic:  6/19       EV: 12    Int: 19    God:    Vehumet [*.....]
Gold:   281        SH:  0    Dex: 10    Spells: 6/21 levels left

rFire   . . .      SeeInvis +   e - +1 whip
rCold   . . .      Faith    .   (no shield)
rNeg    + . .      Spirit   .   a - +0 robe
rPois   ∞          Reflect  .   (no helmet)
rElec   +          Harm     .   (no cloak)
rCorr   .          Rampage  .   l - +2 pair of gloves
Will    +....                   (no boots)
Stlth   ++........              (no amulet)
HPRegen 0.15/turn               h - ring of see invisible
MPRegen 0.16/turn               i - ring of willpower

@: mesmerised
A: sickness immunity, AC +6, negative energy resistance 1, electricity
resistance, torment resistance 1, petrification resistance
a: Renounce Religion


You were on level 7 of the Dungeon.
You worshipped Vehumet.
Vehumet was aware of your devotion.
You visited 2 branches of the dungeon, and saw 8 of its levels.

You collected 307 gold pieces.
You spent 26 gold pieces at shops.

Inventory:

Hand Weapons
 e - a +1 whip (weapon)
Missiles
 d - 159 stones
Armour
 a - a +0 robe (worn)
 c - a +0 scale mail
 l - a +2 pair of gloves (worn)
 o - a +0 leather armour
Jewellery
 h - a ring of see invisible (left hand)
 i - a ring of willpower (right hand)
 q - a +6 ring of dexterity
Wands
 m - a wand of charming (7)
 s - a wand of flame (23)
Scrolls
 r - 2 scrolls of teleportation
Potions
 b - a potion of invisibility
 f - 2 potions of curing
 g - a potion of flight
 j - a potion of degeneration {unknown}
 k - a potion of attraction {unknown}
 n - a potion of heal wounds {unknown}
 p - a potion of brilliance {unknown}
 t - a potion of berserk rage {unknown}
 v - a potion of haste {unknown}


   Skills:
 + Level 1.1 Fighting
 + Level 1.0 Maces & Flails
 + Level 1.9 Dodging
 - Level 2.1 Stealth
 * Level 6.6 Spellcasting
 * Level 6.2 Conjurations
 * Level 7.5 Fire Magic


You had 6 spell levels left.
You knew the following spells:

 Your Spells              Type           Power      Damage    Failure   Level
a - Foxfire               Conj/Fire      100%       2x1d9     1%          1
b - Scorch                Fire           68%        2d8       1%          2
c - Conjure Flame         Conj/Fire      32%        6-21      1%          3
d - Sticky Flame          Conj/Fire      32%        2d5       6%          4
e - Flame Wave            Conj/Fire      32%        3d7       6%          4
j - Magic Dart            Conj           100%       1d8       1%          1

Your spell library contained the following spells:

 Spells                   Type           Power      Damage    Failure   Level
 Shock                    Conj/Air       72%        1d7       3%          1
 Inner Flame              Hex/Fire       20%        N/A       7%          3
 Ignite Poison            Fire/Tmut/Pois 15%        N/A       11%         3
 Swiftness                Air            6%         N/A       30%         3
 Airstrike                Air            3%         N/A       71%         4


Dungeon Overview and Level Annotations

Branches:
Dungeon (7/15)             Temple (1/1) D:5

Altars:
Cheibriados
Dithmenos
Elyvilon
Fedhas
Gozag
Hepliaklqana
Kikubaaqudgha
Makhleb
Nemelex Xobeh
Okawaru
Ru
Sif Muna
Trog
Uskayaw
Vehumet
Wu Jian
Xom
Zin
The Shining One

Shops:
D:4 *   D:5 ?   D:6 :(

Annotations:
D:7 Maggie


Innate Abilities, Weirdness & Mutations

You are immune to sickness and miasma.
Your stone body is resilient. (AC +6)
You are immune to poison.
You resist negative energy. (rN+)
You are resistant to electric shocks. (rElec)
You are resistant to unholy torment.
You are immune to petrification.


Message History

Things that are here:
a +0 flail; a gnoll skeleton
Casting: Sticky Flame (dangerous; 6% risk of failure)
Confirm with . or Enter, or press ? or * to list all spells.
Aiming: Sticky Flame (dangerous; 6% risk of failure)
Press: ? - help, Shift-Dir - straight line, f - gnoll sergeant, p - Maggie
Aim: a gnoll sergeant, wielding a +0 spear, wearing a +0 scale mail and wearing a +0 kite shield (100% to hit)
The sticky flame hits the gnoll sergeant.
The gnoll sergeant is lightly wounded.
The gnoll sergeant is covered in liquid flames!
Maggie burns!
The gnoll sergeant burns!
The gnoll sergeant barely misses you.
Maggie hits you with a +2 morningstar of protection.
Maggie burns!
The gnoll sergeant burns!
The gnoll sergeant hits you from afar with a +0 spear.
Maggie gestures wildly while chanting.
Maggie attempts to bespell you!
You are mesmerised by Maggie!
Casting: Sticky Flame (dangerous; 6% risk of failure)
Confirm with . or Enter, or press ? or * to list all spells.
Flames lash Maggie.
Maggie is heavily wounded.
Maggie's fire resistance burns away.
Maggie burns!
The gnoll sergeant burns!
The gnoll sergeant misses you. Maggie gestures at you while chanting.
The bolt of fire hits you!!
Casting: Scorch (safe; 1% risk of failure)
Confirm with . or Enter, or press ? or * to list all spells.
Flames lash Maggie but do no damage.
Maggie burns!
The gnoll sergeant burns!
The gnoll sergeant stops burning.
The gnoll sergeant hits you from afar with a +0 spear.
* * * LOW HITPOINT WARNING * * *
Maggie mumbles some strange words.
Maggie draws you further into her thrall.
You hit Maggie but do no damage.
Maggie is severely wounded.
Maggie burns!
The gnoll sergeant hits you from afar with a +0 spear.
* * * LOW HITPOINT WARNING * * *
Maggie hits you with a +2 morningstar of protection!
You die...

#$.#####..######.# #..#
#..# #.# #..# ###..####
#.# ##..# #.......# #.#
##...###.#..##.# #.#
#...........##.###.#
##...##............#
.######@##.............#
.......@)g.....###.###.#
#######.##.....###.# #.#
#+###....##..# #.#
####.##.## #.#
#.##)####.# #.........#
####...##### +.......#
####....#


You could see Maggie (mesmerising, burning, combustible) and a gnoll sergeant.

Vanquished Creatures
  Eustachio (D:4)
  Purgy (D:3)
  A necrophage (D:6)
  A black bear (D:6)
  An ogre (D:6)
  A centaur (D:5)
  A phantom (D:4)
  Blork the orc (D:4)
  A kobold brigand (D:6)
  A gnoll sergeant (D:6)
  3 scorpions
  2 water moccasin skeletons (D:4)
  3 hounds
  2 centaur zombies
  2 jellies (D:4)
  Ijyb (D:3)
  4 iguanas
  A scorpion zombie (D:5)
  An orc wizard (D:6)
  A hound skeleton (D:3)
  13 gnolls
  8 adders
  A shadow imp (D:5)
  A white imp (D:5)
  An ufetubus (D:6)
  An adder skeleton (D:4)
  7 dart slugs
  5 orcs
  5 ball pythons
  5 bats
  3 endoplasms
  6 giant cockroaches
  10 goblins
  3 hobgoblins
  12 jackals
  2 quokkas (D:1)
  3 frilled lizards (D:1)
  8 kobolds
  5 rats
129 creatures vanquished.

Vanquished Creatures (others)
  560 foxfires
560 creatures vanquished.

Grand Total: 689 creatures vanquished

Notes
Turn   | Place    | Note
-------+----------+-------------------------------------------
     0 | D:1      | funkygono the Gargoyle Fire Elementalist began the quest
                  | for the Orb.
     0 | D:1      | Reached XP level 1. HP: 10/10 MP: 3/3
   254 | D:1      | Reached XP level 2. HP: 15/15 MP: 1/5
   484 | D:1      | Learned a level 2 spell: Scorch
   708 | D:1      | Found a faded altar of an unknown god.
   749 | D:1      | Reached XP level 3. HP: 19/19 MP: 3/6
   753 | D:1      | Learned a level 3 spell: Conjure Flame
  1306 | D:2      | Found a hazy altar of Hepliaklqana.
  1621 | D:2      | Reached skill level 4 in Fire Magic
  1815 | D:2      | Reached XP level 4. HP: 24/24 MP: 2/7
  2248 | D:3      | Noticed Purgy
  2646 | D:3      | Killed Purgy
  2647 | D:3      | Reached XP level 5. HP: 17/28 MP: 3/10
  2820 | D:3      | Reached XP level 6. HP: 31/33 MP: 4/11
  2972 | D:3      | Noticed Ijyb
  2980 | D:3      | Killed Ijyb
  3291 | D:3      | Learned a level 4 spell: Flame Wave
  3305 | D:4      | Found Iyufoilei's Incredible Inventory.
  3309 | D:4      | Bought a scroll of identify for 26 gold pieces
  3516 | D:4      | Reached skill level 5 in Fire Magic
  3719 | D:4      | Reached XP level 7. HP: 37/37 MP: 6/13
  4056 | D:4      | Found an ancient bone altar of Kikubaaqudgha.
  4323 | D:4      | Noticed Blork the orc
  4328 | D:4      | Killed Blork the orc
  4405 | D:4      | Noticed Eustachio
  4418 | D:4      | Killed Eustachio
  4419 | D:4      | Reached skill level 1 in Fighting
  4419 | D:4      | Reached skill level 5 in Spellcasting
  4585 | D:4      | Reached XP level 8. HP: 43/43 MP: 11/15
  4674 | D:5      | Entered Level 5 of the Dungeon
  4681 | D:4      | Reached skill level 5 in Conjurations
  4719 | D:4      | Reached skill level 6 in Fire Magic
  5170 | D:5      | Found a staircase to the Ecumenical Temple.
  5177 | Temple   | Entered the Ecumenical Temple
  5279 | Temple   | Became a worshipper of Vehumet
  5587 | D:5      | Found Bulaerph's Magic Scroll Shoppe.
  5906 | D:6      | Found Gususemm's Book Shoppe.
  6236 | D:6      | Reached skill level 7 in Fire Magic
  6496 | D:6      | Reached XP level 9. HP: 23/47 MP: 1/18
  6787 | D:6      | Reached * piety under Vehumet
  6787 | D:6      | Offered knowledge of Magic Dart by Vehumet.
  6788 | D:6      | Reached skill level 1 in Maces & Flails
  6909 | D:6      | Found Leucsyem's Weapon Shoppe.
  7118 | D:6      | Learned a level 1 spell: Magic Dart
  7123 | D:6      | Learned a level 4 spell: Sticky Flame
  7249 | D:7      | Noticed Maggie
  7785 | D:7      | Slain by Maggie

Illustrated notes

Levels and vault maps discovered:
D:1:      minmay_arrival_four_houses, layout_rooms,
          hellmonk_ecumenical_altar_run_dry, chequers_serial_rivers_micro_c,
          minmay_misc_feat_doors, skrybe_limestone_x, serial_bayou_lagoon_b
D:2:      layout_basic, basic_altar
D:3:      layout_rooms, st_stairs_14, uniq_purgy, uniq_ijyb
D:4:      layout_gridville, old_standard_altar, nicolae_alphabet_shops,
          uniq_eustachio, uniq_blork_the_orc
D:5:      layout_cave_pools, minmay_temple_entry_gardened_gates, serial_shops,
          nicolae_shop_crystal
D:6:      layout_loops_ring, serial_shops, shop,
          nicolae_shop_temple_entry_statues_fountains, grunt_ministairs_8
D:7:      layout_loops_corners, chequers_serial_rivers_small_a, uniq_maggie,
          uniq_duvessa, uniq_menkaure, uniq_pikel
Temple:   minmay_crystal_spiral_temple

Skill      XL: |  1  2  3  4  5  6  7  8  9 |
---------------+----------------------------+-----
Fire Magic     | 4 5 7 |  7.5
Conjurations   | 2 3 4 5 6 |  6.2
Spellcasting   | 3 4 5 6 |  6.6
Fighting       | 1 |  1.1
Maces & Flails | 1 |  1.0
Dodging        | |  1.9
Stealth        | |  2.1

Action                   |  1- 3 |  4- 6 |  7- 9 || total
-------------------------+-------+-------+-------++-------
Melee: Unarmed           |     6 |       |       ||     6
       Club              |    24 |     1 |       ||    25
       Whip              |       |    23 |    25 ||    48
 Cast: Foxfire           |    55 |    95 |   167 ||   317
       Scorch            |       |     8 |    28 ||    36
       Sticky Flame      |       |       |     5 ||     5
  Use: Scroll            |       |     6 |     4 ||    10
       Potion            |       |     2 |     1 ||     3
Armor: Robe              |    20 |    21 |    25 ||    66
Dodge: Dodged            |    37 |    47 |    41 ||   125

Table legend: (Time is in decaauts)
 A = Elapsed time spent in this place.
 B = Non-inter-level travel time spent in this place.
 C = Inter-level travel time spent in this place.
 D = Time resting spent in this place.
 E = Time spent auto-exploring this place.
 F = Levels seen in this place.
 G = Mean time per level.
                   A        B        C        D        E       F      G
               +--------+--------+--------+--------+--------+-----+--------+
         Total |   7820 |   7670 |    150 |    988 |   5401 |   8 |  977.5 |
       Dungeon |   7611 |   7546 |     65 |    988 |   5298 |   7 | 1087.3 |
        Temple |    208 |    124 |     84 |      0 |    103 |   1 |  208.0 |
               +--------+--------+--------+--------+--------+-----+--------+

Top non-repeatable levels by time:
     D:6: 1753 daAuts
     D:4: 1522 daAuts
     D:1: 1265 daAuts
     D:2: 1246 daAuts
     D:5: 837 daAuts
     D:3: 823 daAuts
  Temple: 208 daAuts
     D:7: 163 daAuts
